 Dungeon Crawl Stone Soup version 0.27-a0-1312-g5cdb2b3542 (webtiles) character file.

Game seed: 16504485712868945613

1 Shayle the Vexing (level 1, 0/13 HPs)
             Began as a Demonspawn Enchanter on June 20, 2021.
             Slain by a hobgoblin (3 damage)
             ... on level 1 of the Dungeon.
             The game lasted 00:00:25 (40 turns).

Shayle the Vexing (Demonspawn Enchanter)              Turns: 40, Time: 00:00:26

Health: 0/13       AC:  2    Str:  8    XL:     1   Next: 16%
Magic:  3/3        EV: 12    Int: 16    God:
Gold:   0          SH:  0    Dex: 13    Spells: 3/4 levels left

rFire    . . .     SeeInvis .   a - +1 dagger
rCold    . . .     Faith    .   (no shield)
rNeg     . . .     Spirit   .   b - +0 robe
rPois    .         Reflect  .   (no helmet)
rElec    .         Harm     .   (no cloak)
rCorr    .         Rampage  .   (no gloves)
Will     .....                  (no boots)
Stlth    ++........             (no amulet)
HPRegen  0.04/turn              (no ring)
MPRegen  0.08/turn              (no ring)

@: no status effects
A: no striking features
a: no special abilities


You were on level 1 of the Dungeon.
You visited 1 branch of the dungeon, and saw 1 of its levels.

Inventory:

Hand Weapons
 a - a +1 dagger (weapon)
Armour
 b - a +0 robe (worn)


   Skills:
 + Level 0.1 Fighting
 - Level 0.8 Short Blades
 + Level 1.8 Dodging
 * Level 2.7 Stealth
 - Level 2.0 Spellcasting
 - Level 3.0 Hexes


You had 3 spell levels left.
You knew the following spells:

 Your Spells              Type           Power      Damage    Failure   Level
a - Corona                Hex            12%        N/A       6%          1

Your spell library contained the following spells:

 Spells                   Type           Power      Damage    Failure   Level
 Ensorcelled Hibernation  Hex/Ice        12%        N/A       17%         2
 Confusing Touch          Hex            11%        N/A       19%         3
 Tukima's Dance           Hex            11%        N/A       19%         3
 Dazzling Flash           Conj/Hex       12%        N/A       32%         3


Dungeon Overview and Level Annotations

Branches:
Dungeon (1/15)

Altars:


Message History

You hit the hobgoblin but do no damage.
The hobgoblin is heavily wounded.
The hobgoblin hits you but does no damage.
The frilled lizard completely misses you.
You hit the hobgoblin.
The hobgoblin is almost dead.
The hobgoblin hits you. The frilled lizard barely misses you.
You hit the hobgoblin but do no damage.
The hobgoblin is severely wounded.
The hobgoblin hits you but does no damage.
The frilled lizard bites you but does no damage.
You hit the hobgoblin.
You kill the hobgoblin!
The frilled lizard closely misses you.
You barely miss the frilled lizard. The hobgoblin closely misses you.
The frilled lizard misses you.
You barely miss the frilled lizard. The hobgoblin barely misses you.
The frilled lizard closely misses you.
You barely miss the frilled lizard.
The hobgoblin hits you but does no damage.
The frilled lizard closely misses you.
You miss the frilled lizard. The hobgoblin hits you.
The frilled lizard bites you.
You completely miss the frilled lizard. The hobgoblin barely misses you.
You barely miss the frilled lizard. The frilled lizard misses you.
The hobgoblin misses you. The frilled lizard bites you.
* * * LOW HITPOINT WARNING * * *
The frilled lizard closely misses you.
There is a staircase leading out of the dungeon here.
You hit the hobgoblin.
The hobgoblin is heavily wounded.
The hobgoblin barely misses you.
You hit the hobgoblin.
The hobgoblin is severely wounded.
The hobgoblin barely misses you.
You hit the hobgoblin but do no damage.
The hobgoblin is heavily wounded.
The hobgoblin hits you.
You die...

#..........
##...###...
#..## . ##
#..## ..#
##†.# ..#
#..## #..#
##..### ..#
##...##..#
###lg@..#
#######


You could see a hobgoblin and a frilled lizard.

Vanquished Creatures
  A hobgoblin (D:1)
1 creature vanquished.

Notes
Turn   | Place    | Note
-------+----------+-------------------------------------------
     0 | D:1      | Shayle the Demonspawn Enchanter began the quest for the
                  | Orb.
     0 | D:1      | Reached XP level 1. HP: 13/13 MP: 3/3
    40 | D:1      | Slain by a hobgoblin

Illustrated notes

Levels and vault maps discovered:
D:1:      dpeg_arrival_round_b, layout_basic,
          hellmonk_ecumenical_altar_arch_garden, minmay_misc_feat_tiny

Action                   || total
-------------------------++-------
Melee: Dagger            ||    16
Armor: Robe              ||     4
Dodge: Dodged            ||    16

Table legend: (Time is in decaauts)
 A = Elapsed time spent in this place.
 B = Non-inter-level travel time spent in this place.
 C = Inter-level travel time spent in this place.
 D = Time resting spent in this place.
 E = Time spent auto-exploring this place.
 F = Levels seen in this place.
 G = Mean time per level.
                   A        B        C        D        E       F      G
               +--------+--------+--------+--------+--------+-----+--------+
         Total |     39 |     39 |      0 |      0 |      8 |   1 |   39.0 |
       Dungeon |     39 |     39 |      0 |      0 |      8 |   1 |   39.0 |
               +--------+--------+--------+--------+--------+-----+--------+

Top non-repeatable levels by time:
     D:1: 39 daAuts
